 Dungeon Crawl Stone Soup version 0.26-a0-249-g7253cd193c (webtiles) character file.

Game seed: 8811489433603475447

36312 vurker the Gelid (level 13, -4/104 HPs)
             Began as a Vampire Ice Elementalist on July 8, 2020.
             Was an Elder of Vehumet.
             Slain by a spriggan
             ... wielding a +0 dagger
              (13 damage)
             ... while paralysed by a hornet
             ... on level 6 of the Lair of Beasts.
             The game lasted 00:38:53 (22612 turns).

vurker the Gelid (Vampire Ice Elementalist)        Turns: 22612, Time: 00:38:54

Health: -4/104     AC: 11    Str:  7    XL:     13   Next: 52%
Magic:  20/27      EV:  2    Int: 23    God:    Vehumet [****..]
Gold:   1114       SH:  0    Dex: 14    Spells: 16/33 levels left

rFire    . . .     SeeInvis +   v - staff of wizardry
rCold    + + +     Faith    .   (no shield)
rNeg     . . .     Spirit   .   P - +1 robe of the Merchant {rC+ rCorr}
rPois    .         Reflect  .   y - +1 hat {SInv}
rElec    .         Harm     .   p - scarf {rC+ rF+}
rCorr    +                      J - +2 pair of gloves
MR       +....                  (no boots)
Stlth    ++........             r - amulet of the acrobat
HPRegen  0.47/turn              L - ring of ice
MPRegen  0.20/turn              u - +4 ring of protection

@: paralysed, lethally poisoned (-4 -> -13), regenerating quickly, slowed
A: no food, fangs 3, see invisible, unbreathing
a: Exsanguinate, Renounce Religion


You were on level 6 of the Lair of Beasts.
You worshipped Vehumet.
Vehumet was greatly pleased with you.
You were alive.

You visited 3 branches of the dungeon, and saw 22 of its levels.

You collected 1114 gold pieces.

Inventory:

Hand Weapons
 E - the +6 short sword "Dixocveg" {drain, +Rage +Fly rF+ Stlth+}
   (You took it off a wight on level 11 of the Dungeon)

   A truly terrible weapon, it drains the life of those it strikes.
   It protects you from fire.
   It lets you fly.
   It lets you go berserk.
   It makes you more stealthy.
Armour
 p - a scarf of resistance (worn)
   (You found it on level 2 of the Dungeon)
 y - a +1 hat of see invisible (worn)
   (You took it off Gastronok on level 3 of the Lair of Beasts)
 G - a +2 robe of cold resistance
   (You found it on level 1 of the Lair of Beasts)
 J - a +2 pair of gloves (worn)
   (You found it on level 12 of the Dungeon)
 P - the +1 robe of the Merchant (worn) {rC+ rCorr}
   (You found it on level 3 of the Lair of Beasts)

   It protects you from cold.
   It provides partial protection from all sources of acid and corrosion.
Magical Staves
 v - an uncursed staff of wizardry (weapon)
   (You found it on level 10 of the Dungeon)
Jewellery
 e - an uncursed ring of flight
   (You found it on level 8 of the Dungeon)
 q - a +4 ring of evasion
   (You found it on level 2 of the Dungeon)
 r - an amulet of the acrobat (around neck)
   (You found it on level 4 of the Dungeon)
 u - a +4 ring of protection (right hand)
   (You found it on level 9 of the Dungeon)
 L - a ring of ice (left hand)
   (You found it on level 2 of the Lair of Beasts)
 M - an uncursed ring of positive energy
   (You found it on level 2 of the Lair of Beasts)
Wands
 c - a wand of clouds (4)
   (You found it on level 5 of the Lair of Beasts)
 d - a wand of iceblast (17)
   (You found it on level 7 of the Dungeon)
 t - a wand of flame (33)
   (You found it on level 14 of the Dungeon)
 x - a wand of acid (8)
   (You found it on level 15 of the Dungeon)
Scrolls
 g - 4 scrolls of fear
 h - a scroll of enchant weapon {unknown}
 i - 3 scrolls of enchant armour
 l - 3 scrolls of fog
 m - 3 scrolls of blinking
 o - 4 scrolls of amnesia
 B - 3 scrolls of noise {unknown}
 C - a scroll of magic mapping {unknown}
 D - 6 scrolls of remove curse
 F - 9 scrolls of teleportation
 H - a scroll of silence {unknown}
 I - 3 scrolls of summoning {unknown}
 O - a scroll of immolation
Potions
 a - a potion of haste
 b - 2 potions of invisibility
 f - 4 potions of heal wounds
 j - 3 potions of lignification
 k - a potion of cancellation
 n - 13 potions of curing
 w - 5 potions of flight
 z - a potion of resistance
 A - a potion of magic
 K - a potion of brilliance {unknown}
 N - a potion of mutation {unknown}


   Skills:
 + Level 10.5 Fighting
 - Level 2.1 Dodging
 - Level 3.0 Stealth
 + Level 10.7 Spellcasting
 - Level 3.0 Conjurations
 - Level 3.0 Summonings
 * Level 15.9 Ice Magic


You had 16 spell levels left.
You knew the following spells:

 Your Spells              Type           Power        Failure   Level
a - Freeze                Ice            ####         0%          1
b - Frozen Ramparts       Ice            ######       0%          3
c - Hailstorm             Conj/Ice       ######..     1%          4
d - Summon Ice Beast      Ice/Summ       ######..     1%          4
q - Irradiate             Conj/Tmut      ###.......   9%          5

Your spell library contained the following spells:

 Spells                   Type           Power        Failure   Level
 Olgreb's Toxic Radiance  Pois           ##......     6%          4
 Magic Dart               Conj           ####         1%          1
 Call Imp                 Summ           ####....     1%          2
 Searing Ray              Conj           ####..       1%          2
 Conjure Flame            Conj/Fire      ###.....     1%          3
 Dazzling Flash           Conj/Hex       ###...       1%          3
 Ignite Poison            Fire/Tmut/Pois ##......     1%          3
 Mephitic Cloud           Conj/Pois/Air  ###.....     1%          3
 Ozocubu's Armour         Chrm/Ice       ######..     1%          3
 Blink                    Tloc           N/A          3%          2
 Poisonous Vapours        Pois/Air       ##....       3%          2
 Slow                     Hex            ##......     3%          2
 Fulminant Prism          Conj/Hex       ###.......   3%          4
 Iskenderun's Mystic Bla  Conj/Tloc      ###.....     3%          4
 Freezing Cloud           Conj/Ice/Air   ######....   7%          6
 Fireball                 Conj/Fire      ###.......   9%          5
 Starburst                Conj/Fire      ###.......   38%         6
 Ring of Flames           Chrm/Fire      ##........   100%        7
 Ignition                 Fire           ##........   100%        8


Dungeon Overview and Level Annotations

Branches:
Dungeon (15/15)            Temple (1/1) D:5            Lair (6/6) D:9
  Swamp (0/4) Lair:4        Snake (0/4) Lair:4        Slime (0/5) Lair:5
    Orc (0/2) D:11
 Vaults: D:13-14     Depths: D:15

Altars:
Ashenzari
Cheibriados
Dithmenos
Elyvilon
Fedhas
Gozag
Hepliaklqana
Kikubaaqudgha
Makhleb
Nemelex Xobeh
Qazlal
Ru
Sif Muna
Trog
Uskayaw
Vehumet
Wu Jian
Xom
Yredelemnul
Zin
The Shining One
Jiyva

Shops:
D:4 }   D:12 *

Annotations:
D:11 2 runed translucent doors, kal9871's ghost, journeyman BaIE


Innate Abilities, Weirdness & Mutations

You do not eat.
Your natural rate of healing is unusually fast.
You have razor-sharp teeth.
You have supernaturally acute eyesight. (SInv)
You can survive without breathing.


Message History

The spriggan rider shouts!
The spriggan shouts!
You hear a shout!
A spriggan comes into view. It is wielding a +0 dagger.
A spriggan comes into view. It is wielding a +0 rapier.
There is a stone staircase leading up, spattered with blood here.
You feel a surge of power!
A cannonade of hail descends around you!
The hail pelts the hornet!
The spriggan shouts!
A wolf comes into view.
The hornet closely misses you.
You feel a surge of power!
A cannonade of hail descends around you!
The hail pelts the spriggan rider!
The hail pelts the spriggan rider!!
The hail misses the spriggan.
The hail pelts the spriggan!!
The wolf howls!
The hornet stings you!
You are poisoned.
You feel yourself slow down.
The spriggan rider completely misses you.
The spriggan drinks a potion.
The spriggan flickers and vanishes for a moment.
The spriggan rider hits you from afar with a +0 spear!!
Unknown command.
You feel sick. The hornet stings you!
You suddenly lose the ability to move!
The spriggan hits you but does no damage.
The hornet stings you.
You shrug off the repeated paralysis!
The spriggan rider hits you from afar with a +0 spear.
* * * LOW HITPOINT WARNING * * *
The spriggan hits you but does no damage.
The spriggan rider hits you from afar with a +0 spear.
* * * LOW HITPOINT WARNING * * *
You feel yourself speed up.
You feel sick. The hornet stings you.
* * * LOW HITPOINT WARNING * * *
You are more poisoned.
You feel yourself slow down. The spriggan hits you with a +0 dagger.
* * * LOW HITPOINT WARNING * * *
The spriggan rider hits you from afar with a +0 spear.
* * * LOW HITPOINT WARNING * * *
The spriggan hits you with a +0 rapier!
* * * LOW HITPOINT WARNING * * *
The spriggan rider hits you from afar with a +0 spear!
* * * LOW HITPOINT WARNING * * *
The hornet stings you!
* * * LOW HITPOINT WARNING * * *
You feel as though you will be slow longer.
* * * LOW HITPOINT WARNING * * *
You feel sick. The spriggan hits you with a +0 dagger!
You die...

....P...P...P.#....♣♣
†....P..............♣
....................♣♣
#....................♣♣
..P..^................♣
..PP....P..........<..♣
...P..........ii......♣♣♣
...............hii......♣
.......%......iy@...P...♣
... .......i.#.....♣ ...
...#...........♣♣ ... .
#..#.........♣
.....#..#...♣..♣
.....#..#...♣♣g♣
...#.........♣♣.♣
............♣♣♣♣.
##..P.#♣♣ h♣


You could see 2 spriggan riders, a hornet, 4 spriggans and a wolf.

Vanquished Creatures
  Gastronok (Lair:3)
  7 hydras
  A two-headed ogre (D:13)
  A tengu warrior (D:13)
  An orb spider (shapeshifter) (D:12)
  6 elephants (Lair:6)
  2 black mambas
  A centaur skeleton (D:8)
  A gargoyle (D:11)
  5 cane toads
  A rime drake (Lair:2)
  5 komodo dragons
  A troll (D:12)
  3 polar bears
  A merfolk (D:13)
  12 blink frogs
  Prince Ribbit (D:5)
  6 hippogriffs
  Sigmund (D:3)
  2 wyverns
  A basilisk (D:12)
  A steam dragon (Lair:3)
  35 yaks
  An insubstantial wisp (D:7)
  16 water moccasins
  5 porcupines
  An acid dragon (D:11)
  Duvessa (D:5)
  3 orc warriors
  An ice beast (D:14)
  5 sky beasts
  2 phantoms
  4 ogres
  9 wolves
  A boggart (Lair:5)
  4 centaurs
  7 crocodiles
  17 bullfrogs
  Dowan (D:5)
  3 scorpions
  6 killer bees (D:8)
  10 wights
  An electric eel (Lair:1)
  A howler monkey (D:8)
  3 hounds
  8 orc priests
  3 jellies
  An iguana (D:9)
  Crazy Yiuf (D:5)
  10 orc wizards
  12 worker ants
  A hound skeleton (D:9)
  19 adders
  8 gnolls
  A shadow imp (D:5)
  2 white imps
  2 ufetubi (D:8)
  An ooze (D:3)
  5 adder skeletons
  2 worms
  3 dart slugs
  2 leopard geckos
  38 orcs
  10 bats
  4 giant cockroaches
  8 goblins
  11 hobgoblins
  5 jackals
  2 quokkas
  2 ball pythons
  5 frilled lizards
  10 kobolds
  A quokka skeleton (D:6)
  7 rats
  6 fungi
  7 plants
395 creatures vanquished.

Vanquished Creatures (collateral kills)
  A centaur warrior (D:14)
  A manticore (D:11)
  An ugly thing (D:12)
  A centaur zombie (D:11)
  2 centaur skeletons
  A komodo dragon (Lair:3)
  A hornet (D:14)
  2 hippogriffs
  3 blink frogs (Lair:1)
  2 yaks (D:11)
  A wyvern (D:14)
  2 steam dragons
  Menkaure (D:5)
  An insubstantial wisp (D:7)
  A water moccasin (Lair:2)
  3 porcupines
  2 ice beasts
  A phantom (D:13)
  A sky beast (D:7)
  An ogre (D:5)
  A bullfrog (D:14)
  A nameless horror (D:8)
  2 wights
  2 howler monkeys (D:12)
  A wyvern simulacrum (D:14)
  2 jellies
  A worker ant (D:11)
  A hound skeleton (D:11)
  2 worker ant zombies
  A shadow imp (D:5)
  A white imp (D:5)
  An adder skeleton (D:5)
  A worm (D:5)
  3 orcs (D:11)
  A quokka (D:9)
  A plant (Lair:2)
51 creatures vanquished.

Vanquished Creatures (others)
  3 fungi
  5 plants (Lair:1)
8 creatures vanquished.

Grand Total: 454 creatures vanquished

Notes
Turn   | Place    | Note
-------+----------+-------------------------------------------
     0 | D:1      | vurker the Vampire Ice Elementalist began the quest for the
                  | Orb.
     0 | D:1      | Reached XP level 1. HP: 13/13 MP: 3/3
   260 | D:1      | Reached XP level 2. HP: 9/20 MP: 0/5
  1099 | D:2      | Reached skill level 1 in Fighting
  1171 | D:2      | Reached XP level 3. HP: 26/26 MP: 4/6
  1172 | D:2      | Noticed a scorpion
  1176 | D:2      | Learned a level 3 spell: Frozen Ramparts
  1189 | D:2      | Killed a scorpion
  1189 | D:2      | Reached XP level 4. HP: 28/32 MP: 0/7
  1278 | D:2      | You fall into a shaft and drop 2 floors!
  1278 | D:4      | Found Helethau's Gadget Emporium.
  1467 | D:4      | Reached skill level 5 in Ice Magic
  1713 | D:3      | Reached XP level 5. HP: 33/38 MP: 5/9
  2161 | D:2      | Learned a level 4 spell: Hailstorm
  3442 | D:3      | Noticed Sigmund
  3447 | D:3      | Killed Sigmund
  3447 | D:3      | Reached skill level 1 in Conjurations
  3447 | D:3      | Reached skill level 6 in Ice Magic
  3447 | D:3      | Reached XP level 6. HP: 46/46 MP: 3/11
  3522 | D:3      | Found a white marble altar of Elyvilon.
  3712 | D:4      | Learned a level 4 spell: Summon Ice Beast
  3803 | D:4      | Found a stormy altar of Qazlal.
  4020 | D:4      | Reached XP level 7. HP: 51/51 MP: 8/12
  4328 | D:5      | Entered Level 5 of the Dungeon
  4467 | D:5      | Reached skill level 1 in Summonings
  4613 | D:5      | Noticed Prince Ribbit
  4660 | D:5      | Found a blossoming altar of Fedhas.
  4718 | D:5      | Noticed Dowan
  4718 | D:5      | Noticed Duvessa
  4729 | D:5      | Killed Dowan
  4826 | D:5      | Killed Duvessa
  4826 | D:5      | Reached skill level 7 in Ice Magic
  5138 | D:5      | Noticed Menkaure
  5149 | D:5      | Killed Menkaure
  5300 | D:5      | Found an opulent altar of Gozag.
  5327 | D:5      | Found a runed translucent door.
  5328 | D:5      | Noticed Crazy Yiuf
  5448 | D:5      | Found a staircase to the Ecumenical Temple.
  5581 | D:5      | Killed Crazy Yiuf
  5780 | D:6      | Found a glowing silver altar of Zin.
  5812 | D:6      | Reached XP level 8. HP: 48/58 MP: 10/14
  6965 | Temple   | Entered the Ecumenical Temple
  6995 | Temple   | Became a worshipper of Vehumet
  7046 | D:5      | Killed Prince Ribbit
  7172 | D:6      | Reached skill level 8 in Ice Magic
  7406 | D:6      | Found a glowing golden altar of the Shining One.
  7454 | D:7      | Found a sparkling altar of Nemelex Xobeh.
  7495 | D:7      | Found an ornate altar of the Wu Jian Council.
  7706 | D:7      | Found a bloodstained altar of Trog.
  7819 | D:7      | Reached skill level 5 in Spellcasting
  7914 | D:7      | Found a hide-covered altar of Uskayaw.
  8120 | D:7      | Reached XP level 9. HP: 60/66 MP: 5/16
  8404 | D:8      | Reached skill level 9 in Ice Magic
  8710 | D:8      | Reached skill level 5 in Fighting
  8793 | D:8      | Reached * piety under Vehumet
  8793 | D:8      | Offered knowledge of Foxfire by Vehumet.
  9550 | D:8      | Reached skill level 10 in Ice Magic
  9779 | D:9      | Found a blossoming altar of Fedhas.
  9955 | D:9      | Reached XP level 10. HP: 76/76 MP: 0/19
 10441 | D:9      | Reached ** piety under Vehumet
 10441 | D:9      | Offered knowledge of Shock by Vehumet.
 10734 | D:9      | Found a staircase to the Lair.
 11149 | D:10     | Entered Level 10 of the Dungeon
 11792 | D:11     | Found a large runed translucent door.
 11792 | D:11     | Found a large runed translucent door.
 11853 | D:11     | Noticed a manticore
 11867 | D:11     | Noticed a five-headed hydra
 11874 | D:11     | Killed a five-headed hydra
 11889 | D:11     | Reached skill level 11 in Ice Magic
 12027 | D:11     | Killed a manticore
 12050 | D:11     | Noticed a gargoyle
 12426 | D:11     | Killed a gargoyle
 12602 | D:11     | Identified the +6 short sword "Dixocveg" {drain, +Rage +Fly
                  | rF+ Stlth+}
 12677 | D:11     | Found a staircase to the Orcish Mines.
 12855 | D:11     | You fall into a shaft and drop 3 floors!
 12867 | D:14     | Offered knowledge of Static Discharge by Vehumet.
 13141 | D:14     | Reached skill level 12 in Ice Magic
 13141 | D:14     | Reached XP level 11. HP: 77/84 MP: 16/22
 13248 | D:14     | Noticed a centaur warrior
 13259 | D:14     | Killed a centaur warrior
 13259 | D:14     | Reached *** piety under Vehumet
 13697 | D:13     | Offered knowledge of Airstrike by Vehumet.
 13698 | D:13     | Noticed a tengu warrior
 13706 | D:13     | Killed a tengu warrior
 13915 | D:12     | Noticed a two-headed ogre
 13950 | D:13     | Killed a two-headed ogre
 14387 | D:12     | You fall into a shaft and drop 3 floors!
 14387 | D:15     | Entered Level 15 of the Dungeon
 14428 | D:12     | Reached skill level 13 in Ice Magic
 14443 | D:12     | Noticed a green ugly thing
 14454 | D:12     | Killed a green ugly thing
 14501 | D:12     | Reached **** piety under Vehumet
 14715 | D:12     | Offered knowledge of Irradiate by Vehumet.
 14722 | D:12     | Learned a level 5 spell: Irradiate
 14915 | D:11     | Noticed kal9871's ghost (journeyman BaIE)
 15358 | D:12     | Noticed an orb spider
 15365 | D:12     | Killed an orb spider
 15454 | D:12     | Found Xomua's General Store.
 15908 | Lair:1   | Entered Level 1 of the Lair of Beasts
 15908 | Lair:1   | Noticed a five-headed hydra
 15919 | Lair:1   | Killed a five-headed hydra
 15919 | Lair:1   | Reached XP level 12. HP: 79/94 MP: 7/25
 16562 | Lair:1   | Reached skill level 14 in Ice Magic
 16876 | Lair:1   | Got a pitted chain mail
 16887 | Lair:1   | Identified the +6 chain mail "Ruetworu" {rC+ Int+5} (You
                  | found it on level 1 of the Lair of Beasts)
 17738 | Lair:2   | Noticed a four-headed hydra
 17749 | Lair:2   | Killed a four-headed hydra
 18741 | Lair:3   | Got a faintly humming robe
 18752 | Lair:3   | Identified the +1 robe of the Merchant {rC+ rCorr} (You
                  | found it on level 3 of the Lair of Beasts)
 18806 | Lair:3   | Noticed Gastronok
 18896 | Lair:3   | Killed Gastronok
 19059 | Lair:3   | Noticed a four-headed hydra
 19067 | Lair:3   | Killed a four-headed hydra
 19067 | Lair:3   | Reached skill level 10 in Spellcasting
 19495 | Lair:4   | Reached skill level 15 in Ice Magic
 19588 | Lair:4   | Found a staircase to the Snake Pit.
 19636 | Lair:4   | Reached ***** piety under Vehumet
 19655 | Lair:4   | Offered knowledge of Olgreb's Toxic Radiance by Vehumet.
 19663 | Lair:4   | Reached XP level 13. HP: 103/103 MP: 4/27
 19886 | Lair:4   | Reached skill level 10 in Fighting
 20079 | Lair:4   | Found a staircase to the Swamp.
 20772 | Lair:5   | Found a staircase to the Slime Pits.
 21134 | Lair:5   | Found a viscous altar of Jiyva.
 21511 | Lair:6   | Entered Level 6 of the Lair of Beasts
 22610 | Lair:6   | Paralysed by a hornet for 3 turns
 22612 | Lair:6   | Slain by a spriggan

Illustrated notes

Levels and vault maps discovered:
D:1:      lightli_arrival_farm, layout_basic, minivault_11,
          minmay_misc_feat_columns
D:2:      layout_loops_ring
D:3:      layout_basic, marbit_many_paths, item_on_display_a, uniq_sigmund
D:4:      layout_loops_ring, lemuel_coloured_pillars_altar, first_ration,
          serial_shops, shop
D:5:      layout_cave_pools, kennysheep_mini, minmay_temple_entry_poolview,
          basic_altar, uniq_menkaure, uniq_prince_ribbit1,
          uniq_crazy_yiuf_cottage, uniq_duvessa
D:6:      lemuel_upstairs_altar, layout_layer_cave, lemuel_crystal_altar
D:7:      layout_rooms, lemuel_doored_altar, overflow_temple_1_default,
          eat_drink_and_be_merry_uskayaw, lemuel_round_altar,
          hangedman_misty_isle
D:8:      layout_basic
D:9:      layout_loops_ring, dpeg_oklobed_lair, basic_altar
D:10:     layout_rooms, serial_glass, glass_columns_b, glass_columns_a
D:11:     layout_rooms, orc_0_dummy, ebering_ghost_disaster_area
D:12:     layout_cave_pods, serial_shops, nicolae_shop_behind_doors
D:13:     minmay_goldmine, layout_irregular_city, enter_bailey_3,
          hangedman_fish_farm
D:14:     layout_gridville, skrybe_vaults_entry_preservation, serial_shops,
          nicolae_shop_behind_doors, basic_altar, dk_noncrumbling_3,
          grunt_ministairs_9, nicolae_elemental_shop
D:15:     grunt_enter_depths_snipers, layout_basic, special_room
          [special_room_bee], serial_bayou_lagoon_a
Temple:   eino_temple_lava
Lair:1:   layout_misc_corridors, chequers_serial_rivers_marsh,
          serial_bayou_shore_a
Lair:2:   layout_roguey
Lair:3:   layout_hall_layers, uniq_gastronok
Lair:4:   layout_regular_city, swamp_mist, minmay_snake_entry_six_corridors,
          grunt_megastairs_3
Lair:5:   layout_hall_layers, slime_altar_1, chequers_serial_rivers_micro_c,
          infiniplex_staircase_pool_2
Lair:6:   minmay_lair_end_enchanted_forest, layout_long_grid,
          columned_hall_lemuel, zaba_antful_of_joy

Skill      XL: |  1  2  3  4  5  6  7  8  9 10 11 12 13 |
---------------+----------------------------------------+-----
Fighting       | 1 2 3 4 5 7 8 9 10 | 10.5
Ice Magic      | 5 6 7 8 10 12 13 15 | 15.9
Spellcasting   | 3 4 5 6 7 9 10 | 10.7
Conjurations   | 1 2 3 |  3.0
Summonings     | 2 3 |  3.0
Dodging        | |  2.1
Stealth        | |  3.0

Action                   |  1- 3 |  4- 6 |  7- 9 | 10-12 | 13-15 || total
-------------------------+-------+-------+-------+-------+-------++-------
Melee: Unarmed           |     4 |       |       |       |       ||     4
       Dagger            |     8 |    69 |   208 |    26 |       ||   311
       Bite              |       |    10 |    21 |    12 |       ||    43
       Staff             |       |       |       |    34 |     7 ||    41
       Short sword       |       |       |       |    30 |       ||    30
 Cast: Freeze            |    37 |    57 |    23 |   149 |    63 ||   329
       Frozen Ramparts   |     1 |     8 |    43 |    60 |    19 ||   131
       Summon Ice Beast  |       |       |    26 |    65 |     2 ||    93
       Hailstorm         |       |       |    12 |   123 |    46 ||   181
Evoke: Wand              |       |       |       |     3 |       ||     3
  Use: Scroll            |       |       |    15 |     7 |     1 ||    23
 Stab: Sleeping          |       |     5 |     5 |     1 |       ||    11
       Distracted        |       |       |     3 |       |       ||     3
Armor: Robe              |     6 |    25 |    37 |    18 |    40 ||   126
       Acid dragon scale |       |       |       |   103 |       ||   103
       Steam dragon scal |       |       |       |     7 |       ||     7
Dodge: Dodged            |    25 |    86 |   204 |   244 |    88 ||   647

Table legend:
 A = Non-vault XP
 B = Vault XP
 C = Vault XP percentage of total XP
 D = Non-vault monster count
 E = Vault monster count
 F = Vault count percentage of total count
                 A         B        C        D         E       F
            +---------+---------+-------+---------+---------+-------
      Total |   44601 |    7274 |  14.0 |     384 |      47 |  10.9
            +---------+---------+-------+---------+---------+-------
        D:1 |      34 |       0 |   0.0 |      19 |       0 |   0.0
        D:2 |     120 |       0 |   0.0 |      24 |       0 |   0.0
        D:3 |     100 |     225 |  69.2 |      27 |       2 |   6.9
        D:4 |     271 |       0 |   0.0 |      17 |       0 |   0.0
        D:5 |     329 |     476 |  59.1 |      11 |       5 |  31.2
        D:6 |     686 |       0 |   0.0 |      23 |       0 |   0.0
        D:7 |     339 |     665 |  66.2 |       7 |       6 |  46.2
        D:8 |    1909 |       0 |   0.0 |      27 |       0 |   0.0
        D:9 |    1123 |       0 |   0.0 |      27 |       0 |   0.0
       D:10 |     353 |       0 |   0.0 |      11 |       0 |   0.0
       D:11 |    3597 |       0 |   0.0 |      38 |       0 |   0.0
       D:12 |    3412 |       0 |   0.0 |      28 |       0 |   0.0
       D:13 |    2885 |     286 |   9.0 |      12 |       1 |   7.7
       D:14 |    3282 |     384 |  10.5 |      18 |       3 |  14.3
     Lair:1 |    7035 |       0 |   0.0 |      28 |       0 |   0.0
     Lair:2 |    3332 |       0 |   0.0 |      13 |       0 |   0.0
     Lair:3 |    2818 |    2265 |  44.6 |      12 |       1 |   7.7
     Lair:4 |    4203 |    1859 |  30.7 |      14 |      21 |  60.0
     Lair:5 |    1571 |     583 |  27.1 |       9 |       5 |  35.7
     Lair:6 |    7202 |     531 |   6.9 |      19 |       3 |  13.6
            +---------+---------+-------+---------+---------+-------
